 Dungeon Crawl Stone Soup version 0.27.1-34-g3ba077fa99 (webtiles) character file.

Game seed: 16472396043301656489

17 fmudanyali the Skirmisher (level 2, -1/20 HPs)
             Began as a Gargoyle Fighter on Jan 7, 2022.
             Slain by Jessica (3 damage)
             ... on level 2 of the Dungeon.
             The game lasted 00:00:41 (1412 turns).

fmudanyali the Skirmisher (Gargoyle Fighter)        Turns: 1412, Time: 00:00:42

Health: -1/20      AC:  9    Str: 19    XL:     2   Next: 62%
Magic:  2/2        EV:  7    Int:  8    God:
Gold:   39         SH:  9    Dex:  9    Spells: 1/1 levels left

rFire    . . .     SeeInvis .   a - +0 long sword
rCold    . . .     Faith    .   c - +0 kite shield
rNeg     + . .     Spirit   .   b - +0 scale mail
rPois    ∞         Reflect  .   (no helmet)
rElec    +         Harm     .   (no cloak)
rCorr    .         Rampage  .   (no gloves)
Will     .....                  (no boots)
Stlth    ..........             (no amulet)
HPRegen  0.06/turn              (no ring)
MPRegen  0.08/turn              (no ring)

@: no status effects
A: sickness immunity, AC +2, negative energy resistance 1, electricity
resistance, torment resistance 1, petrification resistance
a: no special abilities


You were on level 2 of the Dungeon.
You visited 1 branch of the dungeon, and saw 2 of its levels.

You collected 39 gold pieces.

Inventory:

Hand Weapons
 a - a +0 long sword (weapon)
Armour
 b - a +0 scale mail (worn)
 c - a +0 kite shield (worn)
Scrolls
 i - a scroll of noise {unknown}
Potions
 d - a potion of might
 e - 2 potions of curing {unknown}
 f - a potion of flight {unknown}
 g - a potion of brilliance {unknown}
 h - a potion of heal wounds {unknown}


   Skills:
 * Level 3.7 Fighting
 + Level 2.0 Long Blades
 + Level 3.5 Armour
 + Level 3.5 Shields


You had one spell level left.
You didn't know any spells.
Your spell library contained the following spells:

 Spells                   Type           Power      Damage    Failure   Level
 Animate Dead             Necr           0%         N/A       100%        4
 Borgnjor's Vile Clutch   Necr/Erth      0%         N/A       100%        5
 Death Channel            Necr           0%         N/A       100%        6


Dungeon Overview and Level Annotations

Branches:
Dungeon (2/15)

Altars:

Annotations:
D:2 Jessica


Innate Abilities, Weirdness & Mutations

You are immune to sickness and miasma.
Your stone body is resilient. (AC +2)
You are immune to poison.
You resist negative energy. (rN+)
You are resistant to electric shocks. (rElec)
You are resistant to unholy torment.
You are immune to petrification.


Message History

Jessica grins evilly.
Jessica hits you with a +0 dagger.
You closely miss Jessica. Jessica closely misses you.
You block the endoplasm's attack. The endoplasm freezes you.
You are frozen.
Jessica hits you but does no damage.
You completely miss Jessica. Jessica hits you but does no damage.
You block the endoplasm's attack.
You closely miss Jessica.
Jessica gestures wildly while chanting.
Jessica blinks!
You block the endoplasm's attack. The endoplasm hits you.
You slash the endoplasm!
You kill the endoplasm!
Jessica gestures wildly while chanting.
Jessica seems to speed up.
You barely miss Jessica.
Jessica points at you and mumbles some strange words.
Pain shoots through your body!
* * * LOW HITPOINT WARNING * * *
Jessica hits you but does no damage.
You are too injured to fight recklessly!
You are too injured to fight recklessly!
You are too injured to fight recklessly!
You are too injured to fight recklessly!
You are too injured to fight recklessly!
You are too injured to fight recklessly!
You barely miss Jessica. You block Jessica's attack.
Jessica hits you with a +0 dagger.
* * * LOW HITPOINT WARNING * * *
You closely miss Jessica. Jessica barely misses you.
Jessica hits you but does no damage. You block Jessica's attack.
You barely miss Jessica. Jessica barely misses you.
You riposte.
You hit Jessica.
Jessica is heavily wounded.
Jessica hits you with a +0 dagger.
* * * LOW HITPOINT WARNING * * *
You closely miss Jessica.
Jessica is heavily wounded.
Jessica hits you but does no damage. Jessica hits you with a +0 dagger.
You die...

... #. #.##+## ..+
....##.####.....##.#
...................#
...................#
.............=.....+
...................#
............).<....#
...................#
...#..@)..###+#####
#.....@...#
#.≈.≈≈....#
#...........
##.≈≈......##
#.....###.# #######
.. ##


You could see Jessica (fast).

Vanquished Creatures
  3 ball pythons (D:1)
  2 endoplasms
  A giant cockroach (D:1)
  2 goblins
  A kobold (D:1)
  2 quokkas (D:1)
  A bat (D:1)
  2 frilled lizards (D:1)
  A rat (D:1)
15 creatures vanquished.

Notes
Turn   | Place    | Note
-------+----------+-------------------------------------------
     0 | D:1      | fmudanyali the Gargoyle Fighter began the quest for the
                  | Orb.
     0 | D:1      | Reached XP level 1. HP: 14/14 MP: 1/1
   373 | D:1      | Reached XP level 2. HP: 12/19 MP: 2/2
  1397 | D:2      | Noticed Jessica
  1412 | D:2      | Slain by Jessica

Illustrated notes

Levels and vault maps discovered:
D:1:      lightli_arrival_lavapool, layout_basic
D:2:      layout_basic, shapermc_ecumenical_altar_mp_highgroup, basic_altar,
          chequers_serial_rivers_micro_c, uniq_jessica

Skill      XL: |  1  2 |
---------------+-------+-----
Long Blades    | 2 |  2.0
Fighting       | |  3.7
Armour         | |  3.5
Shields        | |  3.5

Action                   || total
-------------------------++-------
Melee: Long sword        ||    44
Armor: Scale mail        ||    18
Dodge: Dodged            ||    14
Block: Kite shield       ||    24
       Rpst.: Long sword ||     3
